 Dungeon Crawl Stone Soup version 0.29-a0-359-g541a27f54d (webtiles) character file.

Game seed: 2475241008035460940

1857 puppykicker the Chopper (level 8, -3/63 HPs)
             Began as a Black Draconian Arcane Marksman on Apr 27, 2022.
             Was a Follower of Hepliaklqana.
             Slain by a wyvern (14 damage)
             ... on level 7 of the Dungeon on Apr 28, 2022.
             The game lasted 00:22:03 (7761 turns).

puppykicker the Chopper (DrAM)                      Turns: 7761, Time: 00:22:04

Health: -3/63      AC:  6    Str: 13    XL:     8   Next: 89%
Magic:  9/9        EV: 12    Int: 21    God:    Hepliaklqana [*.....]
Gold:   397        SH:  0    Dex: 12    Spells: 8/9 levels left

rFire   . . .      SeeInvis .   b - +1 war axe (vamp)
rCold   . . .      Faith    .   (no shield)
rNeg    . . .      Spirit   .   (body armour unavailable)
rPois   +          Reflect  .   (helmet restricted)
rElec   +          Harm     .   (no cloak)
rCorr   .          Rampage  .   (no gloves)
Will    .....                   (no boots)
Stlth   +.........              (no amulet)
HPRegen 0.20/turn               p - +6 ring of intelligence
MPRegen 0.11/turn               P - ring of poison resistance

@: short of breath
A: reduced essence, breathe lightning, AC +6, unfitting armour, electricity
resistance, cold-blooded
a: Breathe Lightning, Renounce Religion, Recall Ancestor, Ancestor Identity


You were on level 7 of the Dungeon.
You worshipped Hepliaklqana.
Hepliaklqana was aware of your devotion.
You visited 2 branches of the dungeon, and saw 8 of its levels.

You collected 397 gold pieces.

Inventory:

Hand Weapons
 a - a +0 hand crossbow
 b - a +1 vampiric war axe (weapon)
Armour
 t - a +0 cloak
Jewellery
 p - a +6 ring of intelligence (left hand)
 P - a ring of poison resistance (right hand)
Scrolls
 c - 8 scrolls of identify {unknown}
 e - 2 scrolls of fog {unknown}
 g - a scroll of vulnerability {!r!r}
 h - 2 scrolls of blinking {unknown}
 j - 4 scrolls of teleportation {unknown}
 k - 2 scrolls of holy word {unknown}
 l - 3 scrolls of magic mapping {unknown}
 m - 4 scrolls of immolation {unknown}
 n - a scroll of summoning {unknown}
 q - a scroll of enchant weapon {unknown}
 y - a scroll of acquirement {unknown}
Potions
 d - 4 potions of curing {unknown}
 f - a potion of brilliance {unknown}
 i - a potion of heal wounds {unknown}
 o - a potion of magic {unknown}
 s - 2 potions of flight {unknown}
 v - 2 potions of might {unknown}
 w - 2 potions of invisibility {unknown}
 x - 2 potions of attraction {unknown}
 z - a potion of lignification {unknown}


   Skills:
 + Level 6.3 Fighting
 * Level 7.7 Axes
 + Level 5.8 Crossbows
 - Level 1.7 Dodging
 - Level 1.0 Spellcasting
 - Level 2.6 Hexes


You had 8 spell levels left.
You knew the following spells:

 Your Spells              Type           Power      Damage    Failure   Level
s - Slow                  Hex            48%        N/A       5%          1

Your spell library contained the following spells:

 Spells                   Type           Power      Damage    Failure   Level
 Summon Small Mammal      Summ           4%         N/A       16%         1
 Inner Flame              Hex/Fire       6%         N/A       28%         3
 Portal Projectile        Hex/Tloc       12%        N/A       28%         3
 Summon Guardian Golem    Hex/Summ       6%         N/A       28%         3
 Call Canine Familiar     Summ           1%         N/A       43%         3
 Cause Fear               Hex            6%         N/A       47%         4


Dungeon Overview and Level Annotations

Branches:
Dungeon (7/15)             Temple (1/1) D:4

Altars:
Ashenzari
Dithmenos
Elyvilon
Fedhas
Gozag
Hepliaklqana
Kikubaaqudgha
Makhleb
Nemelex Xobeh
Okawaru
Sif Muna
Trog
Uskayaw
Vehumet
Wu Jian
Xom
Yredelemnul
The Shining One


Innate Abilities, Weirdness & Mutations

Your life essence is reduced to manifest your ancestor. (-10% HP)
You can breathe wild blasts of lightning.
Your glossy black scales are hard. (AC +6)
You cannot fit into any form of body armour.
You are resistant to electric shocks. (rElec)
You are cold-blooded and may be slowed by cold attacks.


Message History

The wyvern barely misses you.
You take 12 damage, and have 30/63 hp.
You are too injured to fight recklessly!
You are too injured to fight recklessly!
Unknown command.
The black bear attacks as you move away!
The black bear barely misses you.
The black bear claws you but does no damage. x2
The wyvern attacks as you move away!
The wyvern bites you but does no damage.
The wyvern closely misses you. The wyvern barely misses your gay dad.
The wyvern bites your gay dad! x2
The wyvern bites your gay dad.
Your gay dad is destroyed!
The wyvern bites you!
* * * LOW HITPOINT WARNING * * *
The wyvern barely misses you.
You take 7 damage, and have 24/63 hp.
The wyvern misses you. The wyvern barely misses you.
The wyvern barely misses you.
Activating: Breathe Lightning (4% risk of failure)
Press: ? - help, Dir - look around, f - activate You breathe a wild blast of lightning!
The orb of electricity explodes!
You hear a mighty clap of thunder!
The bolt of lightning misses you.
You hear a clap of thunder!
The wyvern closely misses you. The wyvern attacks as you move away!
The wyvern bites you!
* * * LOW HITPOINT WARNING * * *
The wyvern misses you.
You take 11 damage, and have 14/63 hp.
The wyvern attacks as you move away!
The wyvern bites you but does no damage.
The wyvern bites you.
* * * LOW HITPOINT WARNING * * *
You take 3 damage, and have 11/63 hp.
The wyvern bites you!
You die...

#.)..# #..##.# . #. ##.#.#
#..##.# # .##. ###)# #.....# #
.... #.# ##'#### # ..#. #(#
##...## # #...### ##.# ##.....##
# ......# ##..# ##.......## #
....#.#######...####<........####
.............h.l@..+.........')..
...##.#######...####.....)...####
.. #!# ###..# ##.......#...> #
#.# #....# ##.....##.### #.#
#....# ##...###.##. #.# #...##
##'## #.##. ..# ####.#### #.#
#.... ### #.......# #.# ####.
#.#####.# ##.## #.


You could see a black bear and a wyvern.

Levels and vault maps discovered:
D:1:      dpeg_arrival_caged_fury, layout_loops_ring, kennysheep_another_room
D:2:      layout_basic, mrwooster_statue_mirror, minmay_joined_circles
D:3:      layout_rooms, mainiacjoe_overflow_six_doors_small, demons_altar
D:4:      layout_loops_cross, temple_hall
D:5:      layout_gridville, gammafunk_temple_overflow_wave, minivault_5
D:6:      layout_loops_corners
D:7:      layout_loops_corners, kennysheep_little_box,
          mainiacjoe_overflow_alcove_2, nzn_ghost_randoct,
          chequers_serial_rivers_small_b, hangedman_decor_push
Temple:   dpeg_chambers_temple

Notes
Turn   | Place    | Note
-------+----------+-------------------------------------------
     0 | D:1      | puppykicker the Draconian Arcane Marksman began the quest
                  | for the Orb.
     0 | D:1      | Reached XP level 1. HP: 16/16 MP: 2/2
     2 | D:1      | Found a runed translucent door.
    64 | D:1      | Reached skill level 2 in Crossbows
   262 | D:1      | Identified a +0 whip
   299 | D:1      | Reached XP level 2. HP: 23/23 MP: 3/3
   307 | D:1      | Identified a +0 mace
   322 | D:1      | Identified a +0 club
   412 | D:1      | Identified a +0 hand axe
   706 | D:1      | Reached skill level 2 in Fighting
   710 | D:1      | Reached XP level 3. HP: 16/29 MP: 4/4
   759 | D:1      | Identified a +0 short sword
  1077 | D:2      | Identified a +0 dagger
  1081 | D:2      | Reached skill level 3 in Crossbows
  1239 | D:2      | Identified a +0 chain mail
  1263 | D:2      | Identified 2 potions of berserk rage
  1263 | D:2      | HP: 10/43 [poisoned by an adder]
  1266 | D:2      | Reached skill level 1 in Axes
  1268 | D:2      | HP: 7/45 [poisoned by an adder]
  1270 | D:2      | HP: 3/30 [poisoned by an adder]
  1538 | D:2      | Identified a +0 hand crossbow
  1550 | D:2      | Identified a +0 club
  1550 | D:2      | Identified a +0 club
  1550 | D:2      | Identified a +0 club
  1557 | D:2      | Reached XP level 4. HP: 32/37 MP: 5/5
  1577 | D:2      | HP: 7/37 [frozen (3)]
  1831 | D:2      | Identified a +6 ring of intelligence
  1846 | D:2      | Identified a +0 club
  1900 | D:3      | Noticed a phantom
  1903 | D:3      | Noticed a bullfrog
  2067 | D:3      | Identified a +0 dagger
  2071 | D:3      | Identified a +0 flail
  2071 | D:3      | Identified a +0 chain mail
  2071 | D:3      | Identified a +0 trident
  2071 | D:3      | Identified a +0 leather armour
  2072 | D:3      | Identified a +0 whip
  2075 | D:3      | Identified a +0 club
  2322 | D:3      | Reached skill level 2 in Axes
  2339 | D:3      | Killed a bullfrog
  2340 | D:3      | Reached skill level 3 in Fighting
  2340 | D:3      | Reached XP level 5. HP: 27/45 MP: 6/6
  2456 | D:3      | Identified a +0 whip
  2478 | D:3      | HP: 10/45 [phantom (3)]
  2485 | D:3      | Killed a phantom
  2486 | D:3      | Reached skill level 3 in Axes
  2761 | D:3      | Identified the +4 rapier of Bloodstone {speed, rCorr Int+5
                  | Dex+3}
  2791 | D:3      | Found a burning altar of Makhleb.
  2804 | D:3      | Reached XP level 6. HP: 47/51 MP: 7/7
  3049 | D:3      | Identified a +0 cloak
  3114 | D:3      | Identified a +0 hand axe
  3114 | D:3      | Identified a +0 flail
  3114 | D:3      | Identified a +0 leather armour
  3115 | D:3      | Identified a +0 club
  3141 | D:3      | HP: 3/52 [orc priest/divine providence (15)]
  3452 | D:3      | Reached skill level 4 in Axes
  3452 | D:3      | Reached skill level 4 in Crossbows
  3468 | D:3      | Identified a +0 hand axe
  3479 | D:3      | Found a shimmering blue altar of Sif Muna.
  3626 | D:4      | Identified a +0 dagger
  3631 | D:4      | Reached skill level 4 in Fighting
  3642 | D:4      | Identified a +0 flail
  3642 | D:4      | Identified a +0 leather armour
  3642 | D:4      | Identified a +0 club
  3642 | D:4      | Identified a +0 mace
  3642 | D:4      | Identified a +0 chain mail
  3642 | D:4      | Identified a +0 whip
  3655 | D:4      | Identified a +0 club
  3664 | D:4      | Your scales start taking on a glossy black colour.
  3664 | D:4      | Reached XP level 7. HP: 39/59 MP: 8/8
  3664 | D:4      | Gained mutation: You are resistant to electric shocks.
                  | (rElec) [Black Draconian growth]
  3667 | D:4      | Identified a +0 falchion
  4164 | D:4      | Identified a +0 long sword
  4336 | D:4      | Found a staircase to the Ecumenical Temple.
  4345 | Temple   | Entered the Ecumenical Temple
  4604 | Temple   | Became a worshipper of Hepliaklqana the Forgotten
  4670 | D:5      | Entered Level 5 of the Dungeon
  4825 | D:5      | Identified a +0 short sword
  4828 | D:5      | Identified a +0 whip
  4828 | D:5      | Identified a +0 dagger
  4828 | D:5      | Identified a +0 leather armour
  4829 | D:5      | Identified a +0 dagger
  4829 | D:5      | Identified a +0 robe
  4829 | D:5      | Identified a +0 dagger
  4850 | D:5      | Reached skill level 5 in Axes
  4965 | D:5      | Found a broken altar of Ashenzari.
  4965 | D:5      | Found a radiant altar of Vehumet.
  5433 | D:6      | Reached * piety under Hepliaklqana
  5480 | D:6      | Identified a +0 flail
  5480 | D:6      | Identified a +0 whip
  5480 | D:6      | Identified a +0 club
  5480 | D:6      | Identified a +0 leather armour
  5480 | D:6      | Identified a +0 short sword
  5506 | D:6      | Reached skill level 5 in Fighting
  5717 | D:6      | Identified a +0 flail
  5717 | D:6      | Identified a +0 scale mail
  5719 | D:6      | Identified a +0 club
  5719 | D:6      | Identified a +0 ring mail
  5719 | D:6      | Identified a +0 dagger
  5719 | D:6      | Identified a +0 robe
  5730 | D:6      | Reached skill level 6 in Axes
  5730 | D:6      | Reached XP level 8. HP: 58/61 MP: 9/9
  5807 | D:6      | Reached skill level 5 in Crossbows
  5839 | D:6      | Identified a ring of poison resistance
  6083 | D:6      | Identified a +0 spear
  6083 | D:6      | Identified a +0 flail
  6083 | D:6      | Identified a +0 flail
  6083 | D:6      | Identified a +0 halberd of freezing
  6094 | D:6      | HP: 15/61 [gnoll/+0 halberd of freezing (6)]
  6488 | D:6      | Identified a +2 antimagic trident
  6488 | D:6      | Identified a +0 scale mail
  6488 | D:6      | Identified a +0 dagger
  6488 | D:6      | Identified a +0 robe
  6488 | D:6      | Identified a +0 hand axe
  6488 | D:6      | Identified a +0 leather armour
  6488 | D:6      | Identified a +0 mace
  6488 | D:6      | Identified a +0 trident
  6488 | D:6      | Identified a +0 leather armour
  7009 | D:7      | Identified a +2 dagger
  7009 | D:7      | Identified a +0 robe
  7010 | D:7      | Identified a +1 vampiric war axe
  7010 | D:7      | Identified a +0 robe of willpower
  7219 | D:7      | Identified a +0 falchion
  7219 | D:7      | Identified a +0 robe
  7219 | D:7      | Identified a +0 falchion
  7219 | D:7      | Identified a +0 robe
  7220 | D:7      | Identified a +0 falchion
  7220 | D:7      | Identified a +0 robe
  7240 | D:7      | Reached skill level 7 in Axes
  7431 | D:7      | Reached skill level 6 in Fighting
  7647 | D:7      | Identified a +0 dagger
  7647 | D:7      | Identified a +0 robe
  7647 | D:7      | Identified a +0 club
  7647 | D:7      | Identified a +0 leather armour
  7647 | D:7      | Identified a +2 dagger of electrocution
  7647 | D:7      | Identified a +0 robe
  7647 | D:7      | Noticed a kobold demonologist
  7647 | D:7      | Identified a +0 flail
  7647 | D:7      | Identified a +0 falchion
  7653 | D:7      | Identified a +0 trident
  7653 | D:7      | Noticed a red devil
  7654 | D:7      | Noticed a rust devil
  7654 | D:7      | Killed a kobold demonologist
  7691 | D:7      | Identified a +2 vampiric trident
  7757 | D:7      | HP: 13/63 [wyvern (12)]
  7761 | D:7      | Slain by a wyvern

Table legend: (Time is in decaauts)
 A = Elapsed time spent in this place.
 B = Non-inter-level travel time spent in this place.
 C = Inter-level travel time spent in this place.
 D = Time resting spent in this place.
 E = Time spent auto-exploring this place.
 F = Levels seen in this place.
 G = Mean time per level.
                   A        B        C        D        E       F      G
               +--------+--------+--------+--------+--------+-----+--------+
         Total |   7839 |   7601 |    238 |   3063 |   3461 |   8 |  979.9 |
       Dungeon |   7558 |   7375 |    183 |   3063 |   3249 |   7 | 1079.7 |
        Temple |    280 |    225 |     55 |      0 |    212 |   1 |  280.0 |
               +--------+--------+--------+--------+--------+-----+--------+

Top non-repeatable levels by time:
     D:2: 1569 daAuts
     D:6: 1531 daAuts
     D:3: 1094 daAuts
     D:1: 1010 daAuts
     D:4: 810 daAuts
     D:7: 796 daAuts
     D:5: 744 daAuts
  Temple: 280 daAuts

Table legend:
 A = Kills in this place as a percentage of kills in entire the game.
 B = Kills by you in this place as a percentage of kills by you in the entire game.
 C = Kills by friends in this place as a percentage of kills by friends in the entire game.
 D = Other kills in this place as a percentage of other kills in the entire game.
 E = Experience gained in this place as a percentage of experience gained in the entire game.
 F = Experience gained in this place divided by the number of levels of this place that you have seen.
                   A       B       C       D       E      F
               +-------+-------+-------+-------+-------+----------------------
         Total | 100.0 | 100.0 | 100.0 |   N/A | 100.0 | 331.8
       Dungeon | 100.0 | 100.0 | 100.0 |   N/A | 100.0 | 379.1
               +-------+-------+-------+-------+-------+----------------------

Skill      XL: |  1  2  3  4  5  6  7  8 |
---------------+-------------------------+-----
Crossbows      | 2 3 4 5 |  5.8
Fighting       | 2 3 4 5 6 |  6.3
Axes           | 1 2 3 4 6 7 |  7.7
Dodging        | |  1.7
Spellcasting   | |  1.0
Hexes          | |  2.6

Action                   |  1- 3 |  4- 6 |  7- 9 || total
-------------------------+-------+-------+-------++-------
Melee: Hand axe          |     1 |     2 |       ||     3
       Rapier            |       |    63 |   144 ||   207
       Tailslap          |       |     9 |    24 ||    33
       Punch             |       |     2 |     2 ||     4
       War axe           |       |       |    33 ||    33
 Fire: Hand crossbow     |   121 |   119 |    22 ||   262
 Cast: Slow              |     1 |     5 |       ||     6
Invok: Ancestor Identity |       |       |     1 ||     1
 Abil: Breathe Lightning |       |       |     3 ||     3
  Use: Potion            |     1 |     1 |       ||     2
 Stab: Sleeping          |       |     2 |     3 ||     5
Armor: Skin              |    27 |    54 |    47 ||   128
Dodge: Dodged            |    55 |   119 |   102 ||   276

Vanquished Creatures
  A kobold demonologist (D:7)
  A black bear (D:5)
  A phantom (D:3)
  A bullfrog (D:3)
  2 scorpions
  4 wights (D:7)
  3 howler monkeys
  5 hounds
  5 orc priests
  3 iron imps (D:3)
  3 iguanas
  4 orc wizards
  6 adders
  3 gnolls (D:6)
  An ufetubus (D:4)
  4 worms
  25 orcs
  A ball python (D:1)
  8 endoplasms
  8 giant cockroaches
  6 goblins
  9 hobgoblins
  9 jackals
  2 kobolds
  3 quokkas
  6 bats
  4 frilled lizards
  5 rats
133 creatures vanquished.

Vanquished Creatures (collateral kills)
  An ice beast (D:7)
  A wight (D:7)
  A gnoll (D:6)
  An orc (D:6)
4 creatures vanquished.

Vanquished Creatures (others)
  2 ancestors (D:7)
2 creatures vanquished.

Grand Total: 139 creatures vanquished
